Map: Frozen Temple

Players

Kurokushka

  • Race: Terran Terran
  • League: Diamond

Kapsu - Winner!

  • Race: Protoss Protoss
  • League: Platinum

VOD

Have the link to the VOD?

Description

Time

  • Played on: May 18, 2016, 4:40 a.m.
  • Length: 9:58
Show
View Real Time Build Order
Export as new Build Order

Kurokushka Terran 

Build Orders: Reaper Expand, MMM Bio 

Get SALT Encoding   

  12  0:02  SCV  
  13  0:14  SCV  
  13  0:19  Supply Depot  
  14  0:26  SCV  
  15  0:40  SCV  
  15  0:42  Barracks  
  16  0:48  Refinery  
  16  0:52  SCV  
  17  1:04  SCV  
  18  1:16  SCV  
  19  1:30  Orbital Command  
  19  1:32  Reaper  
  20  1:44  Command Center  
  20  1:56  SCV  
  21  2:06  Supply Depot  
  21  2:07  Barracks Reactor  
  21  2:08  SCV  
  22  2:19  Refinery  
  22  2:20  SCV  
  23  2:34  SCV  
  23  2:35  Factory  
  24  2:41  Barracks  
  23  2:44  Marine x2  
  25  2:56  Orbital Command, SCV  
  26  3:02  Marine x2  
  28  3:13  SCV  
  29  3:20  Marine x2  
  29  3:22  Starport  
  29  3:25  Widow Mine  
  33  3:30  Barracks Tech Lab  
  33  3:36  Engineering Bay  
  33  3:46  Marine x2  
  36  3:48  SCV x2  
  36  3:50  Stimpack  
  37  3:56  Supply Depot  
  37  3:57  Factory Reactor  
  37  3:59  Medivac  
  39  4:03  SCV x2  
  41  4:11  Marauder  
  43  4:18  Bunker, SCV x2  
  45  4:24  Missile Turret  
  45  4:27  Missile Turret  
  45  4:28  Marine  
  46  4:45  Marine, Marauder  
  49  4:46  Marine, SCV x2  
  52  4:53  Supply Depot  
  52  5:01  Command Center  
  52  5:04  Medivac  
  54  5:14  Marine x3  
  54  5:15  Medivac  
  56  5:32  Marine x2  
  56  5:33  SCV  
  56  5:34  SCV  
  59  5:57  SCV x2  
  59  5:58  Marine  
  59  5:59  Marine  
  59  6:00  Marauder  
  61  6:05  Missile Turret  
  61  6:15  Orbital Command  
  61  6:16  Barracks  
  61  6:17  Barracks  
  59  6:19  Barracks  
  59  6:21  Marine, Marauder  
  59  6:22  Marine  
  63  6:26  Medivac x2  
  63  6:30  Engineering Bay  
  67  6:33  Engineering Bay  
  67  6:36  Orbital Command  
  67  6:41  SCV  
  67  6:43  Marauder  
  67  6:46  SCV  
  71  6:49  Refinery  
  71  6:50  Refinery  
  71  6:51  Supply Depot  
  71  6:53  SCV  
  72  6:56  Terran Infantry Weapons Level 1  
  72  6:58  SCV  
  73  7:04  Marauder  
  75  7:14  Marine  
  72  7:17  Orbital Command  
  63  7:33  Marine x3  
  63  7:35  Barracks Tech Lab  
  65  7:37  Barracks Tech Lab x2  
  57  7:57  Marine x2  
  57  7:58  Combat Shields, Marauder x3  
  65  8:00  Barracks Reactor, Orbital Command  
  65  8:01  Terran Infantry Armor Level 1  
  65  8:03  Armory, SCV x2  
  67  8:15  SCV  
  67  8:16  SCV  
  69  8:32  SCV x2  
  71  8:40  Missile Turret  
  69  8:43  Marine  
  69  8:44  Marine x3, Marauder x3  
  79  9:01  Marine, Bunker  
  78  9:05  Marauder x2  
  78  9:06  Marauder  
  78  9:07  Marine  
  80  9:23  Marine x2  
  66  9:26  Marauder  
  66  9:27  Marauder x2  
  65  9:34  Marine  
Show
View Real Time Build Order
Export as new Build Order

Kapsu Protoss - Winner!

Build Orders: 1 Gate Expand 

Get SALT Encoding   

  12  0:01  Probe (Chrono Boost)  
  13  0:12  Probe (Chrono Boost)  
  14  0:19  Pylon  
  14  0:24  Probe (Chrono Boost)  
  15  0:38  Probe (Chrono Boost), Gateway  
  16  0:47  Assimilator  
  16  0:48  Probe (Chrono Boost)  
  17  0:59  Probe (Chrono Boost)  
  18  1:09  Probe (Chrono Boost)  
  20  1:27  Cybernetics Core  
  19  1:36  Nexus  
  19  1:43  Probe (Chrono Boost)  
  20  1:54  Assimilator, Probe (Chrono Boost)  
  21  2:05  Mothership Core (Chrono Boost)  
  23  2:08  Pylon  
  23  2:12  Warp Gate  
  23  2:26  Adept, Probe (Chrono Boost)  
  26  2:38  Probe (Chrono Boost)  
  27  2:49  Probe x2 (Chrono Boost)  
  29  2:56  Robotics Facility  
  29  3:01  Probe (Chrono Boost)  
  29  3:02  Probe (Chrono Boost)  
  31  3:08  Pylon  
  31  3:12  Probe (Chrono Boost)  
  33  3:13  Probe (Chrono Boost)  
  33  3:18  Twilight Council  
  33  3:22  Probe (Chrono Boost)  
  33  3:23  Probe (Chrono Boost)  
  33  3:24  Sentry  
  37  3:33  Gateway  
  37  3:35  Gateway  
  37  3:37  Probe (Chrono Boost)  
  37  3:39  Probe (Chrono Boost)  
  39  3:43  Observer  
  39  3:48  Probe (Chrono Boost)  
  41  3:50  Probe (Chrono Boost)  
  41  3:54  Assimilator  
  42  3:58  Probe (Chrono Boost)  
  42  4:01  Probe (Chrono Boost)  
  44  4:05  Dark Shrine  
  44  4:09  Probe (Chrono Boost)  
  45  4:12  Probe (Chrono Boost), Observer  
  47  4:20  Probe (Chrono Boost)  
  47  4:22  Probe (Chrono Boost)  
  49  4:27  Pylon  
  49  4:30  Probe (Chrono Boost)  
  50  4:31  Pylon  
  50  4:33  Probe (Chrono Boost)  
  50  4:36  Pylon  
  51  4:41  Probe (Chrono Boost)  
  51  4:43  Probe (Chrono Boost)  
  53  4:46  Assimilator, Warp Prism  
  53  4:51  Probe (Chrono Boost)  
  56  4:54  Gateway  
  56  4:56  Gateway  
  56  4:59  Gateway  
  56  5:01  Gateway  
  56  5:19  Adept x2  
  56  5:20  Adept  
  56  5:42  Stalker x2  
  54  6:07  Dark Templar x3  
  54  6:08  Dark Templar  
  62  6:17  Probe (Chrono Boost)  
  62  6:18  Probe (Chrono Boost)  
  63  6:28  Probe (Chrono Boost)  
  63  6:30  Charge (Chrono Boost)  
  63  6:32  Probe (Chrono Boost)  
  65  6:33  Immortal  
  65  6:39  Probe (Chrono Boost)  
  70  6:43  Pylon  
  70  6:51  Pylon  
  70  6:53  Pylon  
  67  7:22  Zealot x6  
  67  7:32  Stalker  
  69  7:40  Immortal  
  70  7:46  Stalker x4  
  78  7:51  Probe  
  78  7:54  Dark Templar x2  
  83  8:09  Dark Templar  
  85  8:17  Pylon  
  85  8:18  Archon  
  85  8:20  Probe  
  85  8:22  Archon  
  84  8:45  Dark Templar x2  
  84  8:46  Dark Templar  
  84  8:47  Dark Templar  
  92  8:49  Archon  
  92  8:52  Archon  
  92  9:07  Dark Templar  
  78  9:31  Adept x2  
  78  9:32  Adept x4  
  78  9:49  Zealot  
  76  9:53  Zealot  
  76  9:54  Zealot x2  
Tags
 
Add a new tag
Caveats
  • Supply blocks, unpowered buildings, or Contaminate may cause inaccurate times.
  • Supply counts are checked every 10 seconds.